 Dungeon Crawl Stone Soup version 0.23.2-1-ga50397a (webtiles) character file.

Game seed: 7844274607821219352

1642 schauveau the Grappler (level 8, -10/66 HPs)
             Began as a Troll Monk on May 4, 2019.
             Was a Believer of Hepliaklqana.
             Mangled by an ogre
             ... wielding a +0 giant club
              (24 damage)
             ... on level 6 of the Dungeon.
             The game lasted 00:10:12 (4323 turns).

schauveau the Grappler (Troll Monk)                 Turns: 4323, Time: 00:10:16

Health: -10/66     AC:  6    Str: 22    XL:     8   Next: 67%
Magic:  7/7        EV: 10    Int:  6    God:    Hepliaklqana [**....]
Gold:   203        SH:  0    Dex: 12    Spells: 7/7 levels left

rFire    . . .     SeeInvis .     - Unarmed
rCold    . . .     Gourm    +   (no shield)
rNeg     . . .     Faith    .   a - +0 robe
rPois    .         Spirit   .   (helmet restricted)
rElec    .         Reflect  .   (no cloak)
rCorr    .         Harm     .   (gloves unavailable)
MR       .....                  (boots unavailable)
Stlth    ++........             (no amulet)
HPRegen  0.61/turn              (no ring)
MPRegen  0.10/turn              (no ring)

@: no status effects
A: large, unfitting armour, reduced essence, claws 3, fast metabolism 3,
gourmand, regeneration 1, shaggy fur 1, tough skin 3
a: Recall Ancestor, Ancestor Identity, Renounce Religion


You were on level 6 of the Dungeon.
You worshipped Hepliaklqana.
Hepliaklqana was pleased with you.
You were very full.

You visited 2 branches of the dungeon, and saw 7 of its levels.

You collected 203 gold pieces.

Inventory:

Missiles
 o - 7 poisoned needles
Armour
 a - a +0 robe (worn)
Jewellery
 j - an uncursed amulet of rage {unknown}
Wands
 s - a wand of flame (27)
Scrolls
 c - 8 scrolls of identify {unknown}
 f - 3 scrolls of teleportation {unknown}
 h - a scroll of noise {unknown}
 i - 3 scrolls of fog {unknown}
 k - 2 scrolls of fear {unknown}
 l - 4 scrolls of remove curse {unknown}
 m - a scroll of immolation {unknown}
 n - a scroll of enchant weapon {unknown}
Potions
 d - 2 potions of curing
 e - a potion of agility {unknown}
 g - 2 potions of resistance {unknown}
 p - 2 potions of might {unknown}
 r - a potion of heal wounds {unknown}
Comestibles
 b - 13 rations


   Skills:
 - Level 2.4 Fighting
 - Level 2.4 Dodging
 - Level 1.0 Stealth
 * Level 11.3 Unarmed Combat


You had 7 spell levels left.
You didn't know any spells.
Your spell library contained the following spells:

 Spells                   Type           Power        Failure   Level  Hunger
 Animate Skeleton         Necr           N/A          45%         1    ##.....
 Apportation              Tloc           #.....       45%         1    ##.....
 Confusing Touch          Hex            #.....       45%         1    ##.....
 Freeze                   Ice            #...         45%         1    ##.....
 Summon Small Mammal      Summ           #...         45%         1    ##.....
 Throw Frost              Conj/Ice       #.....       58%         2    ###....
 Ozocubu's Armour         Chrm/Ice       #.......     83%         3    ####...
 Summon Ice Beast         Ice/Summ       #.......     99%         4    #####..
 Throw Icicle             Conj/Ice       #.......     99%         4    #####..


Dungeon Overview and Level Annotations

Branches:
Dungeon (6/15)             Temple (1/1) D:5

Altars:
Ashenzari
Cheibriados
Dithmenos
Elyvilon
Fedhas
Gozag
Hepliaklqana
Kikubaaqudgha
Makhleb
Nemelex Xobeh
Okawaru
Ru
Trog
Uskayaw
Vehumet
Xom
Yredelemnul
Zin


Innate Abilities, Weirdness & Mutations

You are too large for most types of armour.
You have claws for hands.
Your metabolism is lightning-fast.
You like to eat raw meat.
Your natural rate of healing is unusually fast.
You are covered in fur. (AC +1)
You have extremely tough skin. (AC +3)
Your life essence is reduced to manifest your ancestor. (-10% HP)


Message History

The killer bee zombie is severely damaged.
The killer bee zombie hits you.
The centaur shoots an arrow.
The arrow hits you! The killer bee zombie hits you!
* * * LOW HITPOINT WARNING * * *
Lucia points at the killer bee zombie and mumbles some strange words.
The puff of frost hits the killer bee zombie.
The killer bee zombie resists.
The killer bee zombie hits Lucia!
Lucia misses the killer bee zombie.
There is a stone staircase leading up here.
The killer bee zombie barely misses Lucia. x2
The ogre barely misses you.
Lucia closely misses the killer bee zombie.
You claw the ogre!
The ogre is moderately wounded.
The killer bee zombie barely misses Lucia.
The centaur shoots an arrow.
The arrow hits you.
* * * LOW HITPOINT WARNING * * *
The killer bee zombie hits Lucia!
The ogre hits you with a +0 giant club!!
You die...

# ##. ....
...############
# #......#.....#
..#.............
##....c.........
......O<(Z......
.....Zh@R.......
................
.!..............
................
.........#......
(>..############
.... ###


You could see the friendly Lucia the battlemage, an ogre, a centaur, a howler
monkey, a killer bee zombie and a leopard gecko skeleton.

Vanquished Creatures
  Pikel (D:4)
  An eye of draining (D:5)
  A phantom (D:4)
  An ogre (D:5)
  A howler monkey (D:4)
  A crimson imp (D:5)
  An orc priest (D:4)
  An orc wizard (D:5)
  4 hounds
  2 jellies
  An iguana (D:4)
  A worker ant (D:5)
  A killer bee zombie (D:5)
  A gnoll (D:1)
  5 adders
  2 oozes
  An adder skeleton (D:4)
  2 worms
  5 dart slugs
  4 leopard geckos
  12 orcs
  3 ball pythons
  4 giant cockroaches
  9 goblins
  7 hobgoblins
  8 kobolds
  A quokka (D:5)
  6 bats
  5 frilled lizards
  A quokka skeleton (D:4)
  7 rats
100 creatures vanquished.

Vanquished Creatures (collateral kills)
  Sigmund (D:4)
  An eye of draining (D:5)
  A bullfrog (D:5)
  An orc wizard (D:4)
  A worker ant zombie (D:5)
  A howler monkey zombie (D:5)
  2 orcs
8 creatures vanquished.

Vanquished Creatures (others)
  Eustachio (D:4)
  A slave (D:4)
  A black bear (D:4)
  A rat (D:2)
4 creatures vanquished.

Grand Total: 112 creatures vanquished

Notes
Turn   | Place    | Note
-------+----------+-------------------------------------------
     0 | D:1      | schauveau the Troll Monk began the quest for the Orb.
     0 | D:1      | Reached XP level 1. HP: 22/22 MP: 0/0
   102 | D:1      | Reached XP level 2. HP: 19/29 MP: 1/1
   226 | D:1      | Reached skill level 4 in Unarmed Combat
   338 | D:1      | Reached XP level 3. HP: 36/36 MP: 2/2
   973 | D:2      | Found a white marble altar of Elyvilon.
  1108 | D:2      | Reached XP level 4. HP: 44/44 MP: 3/3
  1114 | D:2      | Reached skill level 5 in Unarmed Combat
  1913 | D:4      | Reached XP level 5. HP: 50/50 MP: 4/4
  1946 | D:5      | Entered Level 5 of the Dungeon
  1986 | D:5      | Found a staircase to the Ecumenical Temple.
  1986 | D:5      | Noticed an ogre
  2002 | Temple   | Entered the Ecumenical Temple
  2337 | Temple   | Became a worshipper of Hepliaklqana the Forgotten
  2337 | Temple   | Reached * piety under Hepliaklqana
  2337 | Temple   | Reached ** piety under Hepliaklqana
  2355 | D:5      | Reached skill level 6 in Unarmed Combat
  2365 | D:5      | Killed an ogre
  2365 | D:5      | Reached XP level 6. HP: 11/53 MP: 5/5
  2389 | D:5      | Reached skill level 7 in Unarmed Combat
  2797 | D:2      | Found a sacrificial altar of Ru.
  3034 | D:4      | Noticed Pikel
  3034 | D:4      | Noticed a slave
  3034 | D:4      | Noticed a slave
  3034 | D:4      | Noticed a slave
  3034 | D:4      | Noticed a slave
  3035 | D:4      | Noticed Eustachio
  3041 | D:4      | Killed Pikel
  3041 | D:4      | Reached skill level 9 in Unarmed Combat
  3041 | D:4      | Reached XP level 7. HP: 33/59 MP: 6/6
  3064 | D:4      | Killed Eustachio
  3327 | D:4      | Noticed Sigmund
  3349 | D:4      | Killed Sigmund
  3349 | D:4      | Reached skill level 10 in Unarmed Combat
  3349 | D:4      | Reached XP level 8. HP: 10/66 MP: 7/7
  3556 | D:4      | Found an ancient bone altar of Kikubaaqudgha.
  3674 | D:4      | Remembered your ancestor Lucia as a battlemage
  4084 | D:5      | Found a bloodstained altar of Trog.
  4092 | D:5      | Reached skill level 11 in Unarmed Combat
  4323 | D:6      | Mangled by an ogre

Skill      XL: |  1  2  3  4  5  6  7  8 |
---------------+-------------------------+-----
Unarmed Combat | 4 5 6 9 10 11 | 11.3
Fighting       | |  2.4
Dodging        | |  2.4
Stealth        | |  1.0

Action                   |  1- 3 |  4- 6 |  7- 9 || total
-------------------------+-------+-------+-------++-------
Melee: Unarmed           |    73 |    91 |    81 ||   245
       Punch             |       |       |     2 ||     2
Invok: Ancestor Life: Ba |       |       |     1 ||     1
       Ancestor Identity |       |       |     1 ||     1
  Use: Potion            |       |       |     1 ||     1
 Stab: Sleeping          |     2 |     3 |       ||     5
  Eat: Chunk             |     9 |    21 |    13 ||    43
Armor: Robe              |    20 |    29 |    26 ||    75
Dodge: Dodged            |    38 |    44 |    26 ||   108
